 Dungeon Crawl Stone Soup version 0.20.0 (webtiles) character file.

97 SpeedrunTech the Chopper (level 4, 0/41 HPs)
             Began as a Minotaur Berserker on June 11, 2017.
             Was a Believer of Trog.
             Slain by Sigmund
             ... wielding a +1 scythe of freezing
              (3 damage)
             ... on level 3 of the Dungeon.
             The game lasted 00:00:36 (983 turns).

SpeedrunTech the Chopper (Minotaur Berserker)        Turns: 983, Time: 00:00:38

Health: 0/41       AC:  6    Str: 23    XL:     4   Next: 42%
Magic:  3/3        EV: 10    Int:  4    God:    Trog [**....]
Gold:   40         SH:  0    Dex:  9    Spells: 3/3 levels left

rFire    . . .     SeeInvis .   a - +0 hand axe
rCold    . . .     Gourm    .   (no shield)
rNeg     . . .     Faith    .   b - +0 scale mail
rPois    .         Spirit   .   (helmet restricted)
rElec    .         Reflect  .   (no cloak)
rCorr    .         Harm     .   (no gloves)
MR       ++...                  (no boots)
Stlth    ..........             (no amulet)
Regen    1.2/turn               (no ring)
MPRegen  0.1/turn               (no ring)

@: berserk cooldown, regenerating, slowed, very slow
A: retaliatory headbutt, horns 2
a: Berserk, Trog's Hand, Burn Spellbooks, Renounce Religion


You were on level 3 of the Dungeon.
You worshipped Trog.
Trog was pleased with you.
You were near starving.

You visited 1 branch of the dungeon, and saw 3 of its levels.

You collected 40 gold pieces.

Inventory:

Hand Weapons
 a - a +0 hand axe (weapon)
Armour
 b - a +0 scale mail (worn)
Scrolls
 d - a scroll of random uselessness {unknown}
 e - a scroll of teleportation {unknown}
 f - a scroll of identify {unknown}
 g - a scroll of remove curse {unknown}
Comestibles
 c - a bread ration
 h - 2 chunks of flesh


   Skills:
 + Level 4.9 Fighting
 * Level 5.4 Axes
 - Level 2.4 Armour
 - Level 2.1 Dodging


You had 3 spell levels left.
You didn't know any spells.

Dungeon Overview and Level Annotations

Branches:
Dungeon (3/15)

Altars:

Annotations:
D:3 Sigmund


Innate Abilities, Weirdness & Mutations

You reflexively headbutt those who attack you in melee.
You have a pair of horns on your head.


Message History

You're still recovering from your berserk rage.
Your scale mail prevents you from hitting the frilled lizard.
You headbutt the frilled lizard.
You kill the frilled lizard!
Trog accepts your kill. Something hits you. Something freezes you.
You are too injured to fight recklessly!
Unknown command.
Unknown command.
You are near starving!
The worm closely misses you. Something hits you! Something freezes you.
* * * LOW HITPOINT WARNING * * *
You see here a frilled lizard corpse.
You are too injured to fight recklessly!
You hit the worm. You headbutt the worm.
The worm is lightly wounded.
You barely miss something. The worm closely misses you. Something hits you!
* * * LOW HITPOINT WARNING * * *
Something freezes you.
You die...

.............#
###..........#
#..........#
#..........#
#..........#
#..........###
#............#
############)###########
#.@{....(....
#.#w.)#...#..
#............
###...#...#..
#...........
############


You could see a worm.

Vanquished Creatures
  Natasha (D:3)
  3 adders
  4 worms (D:2)
  A dart slug (D:2)
  A leopard gecko (D:2)
  An orc (D:3)
  A giant cockroach (D:2)
  3 goblins
  3 hobgoblins
  7 kobolds
  A quokka (D:2)
  2 bats
  A frilled lizard (D:3)
  2 rats (D:2)
31 creatures vanquished.

Notes
Turn   | Place    | Note
-------+----------+-------------------------------------------
     0 | D:1      | SpeedrunTech the Minotaur Berserker began the quest for the Orb.
     0 | D:1      | Reached XP level 1. HP: 19/19 MP: 0/0
    36 | D:2      | Reached skill level 4 in Axes
    63 | D:2      | Reached XP level 2. HP: 16/27 MP: 1/1
   352 | D:2      | Reached XP level 3. HP: 23/34 MP: 2/2
   954 | D:3      | Noticed Natasha
   957 | D:3      | Reached skill level 5 in Axes
   960 | D:3      | Killed Natasha
   960 | D:3      | Reached ** piety under Trog
   960 | D:3      | Reached XP level 4. HP: 41/41 MP: 3/3
   971 | D:3      | Noticed Sigmund
   983 | D:3      | HP: 3/41 [something (10)]
   983 | D:3      | Slain by Sigmund

Skill      XL: |  1  2  3 |
---------------+----------+-----
Axes           | 4 5 |  5.4
Fighting       | 4 |  4.9
Armour         | |  2.4
Dodging        | |  2.1

Action                   |  1- 3 |  4- 6 || total
-------------------------+-------+-------++-------
Melee: Hand axe          |    79 |     6 ||    85
       Headbutt          |    15 |     2 ||    17
Invok: Berserk           |     2 |       ||     2
       Trog's Hand       |       |     1 ||     1
  Eat: Chunk             |     1 |       ||     1
Armor: Animal skin       |     6 |       ||     6
       Scale mail        |    12 |     2 ||    14
Dodge: Dodged            |    50 |     7 ||    57
